 Dungeon Crawl Stone Soup version 0.30-a0-996-ga6910c8ee8 (webtiles) character file.

Game seed: 18156828020017274044

47 jasper the Digger (level 3, 0/28 HPs)
             Began as a Draconian Earth Elementalist on Apr 4, 2023.
             Succumbed to Crazy Yiuf's poison
             ... on level 2 of the Dungeon.
             The game lasted 00:01:05 (887 turns).

jasper the Digger (Draconian Earth Elementalist)     Turns: 887, Time: 00:01:06

Health: 0/28       AC:  5    Str: 10    XL:     3   Next: 48%
Magic:  4/6        EV: 12    Int: 17    God:
Gold:   96         SH:  0    Dex: 11    Spells: 0/6 levels left

rFire   . . .      SeeInvis .    c - +0 war axe
rCold   . . .      Faith    .    (no shield)
rNeg    . . .      Spirit   .    (body armour unavailable)
rPois   .          Reflect  .    (helmet restricted)
rElec   .          Rampage  .    f - scarf {repulsion}
rCorr   .                        (no gloves)
Will    .....                    (no boots)
Stlth   ++                       (no amulet)
HPRegen 0.24/turn                (no ring)
MPRegen 0.10/turn                (no ring)

@: brilliant, lethally poisoned (0 -> -10), repel missiles
A: AC +5, unfitting armour, cold-blooded
a: no special abilities


You were on level 2 of the Dungeon.
You visited 1 branch of the dungeon, and saw 2 of its levels.

You collected 96 gold pieces.

Inventory:

Hand Weapons
 c - a +0 war axe (weapon)
Armour
 f - a scarf of repulsion (worn)
Wands
 b - a wand of mindburst (13)
Potions
 a - 2 potions of magic
 i - a potion of degeneration {unknown}


   Skills:
 + Level 1.3 Fighting
 + Level 2.2 Dodging
 - Level 1.7 Stealth
 + Level 2.3 Spellcasting
 * Level 0.2 Conjurations
 - Level 1.0 Transmutations
 * Level 3.6 Earth Magic


You couldn't memorise any spells.
You knew the following spells:

 Your Spells              Type           Power      Damage    Failure   Level
a - Sandblast             Erth           42%        2d11      4%          1
b - Passwall              Tmut/Erth      11%        N/A       11%         2
c - Stone Arrow           Conj/Erth      26%        3d8       26%         3

Your spell library contained the following spells:

 Spells                   Type           Power      Damage    Failure   Level
 Petrify                  Tmut/Erth      14%        N/A       56%         4


Dungeon Overview and Level Annotations

Branches:
Dungeon (2/15)

Altars:

Annotations:
D:2 Crazy Yiuf


Innate Abilities, Weirdness & Mutations

Your plain brown scales are hard. (AC +5)
You cannot fit into any form of body armour.
You are cold-blooded and may be slowed by cold attacks.


Message History

b - a wand of mindburst (13)
Aiming: Sandblast (safe; 4% risk of failure)
Press: ? - help, Q - select action, (/) - cycle Shift-Dir - straight line, f - adder
Aim: an adder (asleep, 100% to hit)
The blast of sand hits the adder!
The adder is almost dead.
The adder hisses angrily.
You now have 5/6 mp.
Aiming: Sandblast (safe; 4% risk of failure)
Press: ? - help, Q - select action, (/) - cycle Shift-Dir - straight line, f/p - adder
Aim: an adder (almost dead, 70% to hit)
The blast of sand hits the adder!
You kill the adder!
You now have 4/6 mp.
MP restored: 6 You open the door.
Aiming: Sandblast (safe; 4% risk of failure)
Press: ? - help, Q - select action, (/) - cycle Shift-Dir - straight line, f - Crazy Yiuf
Aim: Crazy Yiuf, wielding a +2 quarterstaff of chaos and wearing a +0 cloak (84% to hit)
The blast of sand hits Crazy Yiuf.
Crazy Yiuf is moderately wounded.
Crazy Yiuf barely misses you.
Crazy Yiuf whimpers, "Cod!
Lugonu tired koolooloo."
Crazy Yiuf hits you with a +2 quarterstaff of chaos!
You are poisoned.
You take 7 damage, and have 21/28 hp.
MASSIVE DAMAGE!!
You now have 5/6 mp.
Aiming: Sandblast (safe; 4% risk of failure)
Press: ? - help, Q - select action, (/) - cycle Shift-Dir - straight line, f/p - Crazy Yiuf
Aim: Crazy Yiuf, wielding a +2 quarterstaff of chaos and wearing a +0 cloak (moderately wounded, 84% to hit)
The blast of sand hits Crazy Yiuf.
Crazy Yiuf is heavily wounded.
You feel very sick.
Crazy Yiuf hits you with a +2 quarterstaff of chaos!
* * * LOW HITPOINT WARNING * * *
Crazy Yiuf burns you.
* * * LOW HITPOINT WARNING * * *
You take 19 damage, and have 2/28 hp.
MASSIVE DAMAGE!!
You now have 4/6 mp.
It was a potion of brilliance.
You feel clever all of a sudden.
You die...

##.##.##.##...###
#.#...#.##.....<
........##..####
###########..#
###..####
♣♣♣♣♣##...)....
###
♣♣♣.♣....########
#...#♣..♣......##
#
#...g@♣♣♣♣......#
# #)..#♣♣
♣♣.....###### ###
♣♣##........
#########


You could see Crazy Yiuf.

Vanquished Creatures
  Jessica (D:2)
  An adder (D:2)
  An endoplasm (D:1)
  A giant cockroach (D:1)
  2 goblins (D:1)
  3 jackals (D:1)
  A bat (D:1)
  A kobold (D:1)
  2 rats (D:1)
13 creatures vanquished.

Notes
Turn   | Place    | Note
-------+----------+-------------------------------------------
     0 | D:1      | jasper the Draconian Earth Elementalist began the quest for
                  | the Orb.
     0 | D:1      | Reached XP level 1. HP: 14/14 MP: 3/3
   360 | D:1      | Reached XP level 2. HP: 16/22 MP: 0/5
   372 | D:1      | Learned a level 2 spell: Passwall
   755 | D:2      | Noticed Jessica
   758 | D:2      | Killed Jessica
   759 | D:2      | Reached skill level 1 in Fighting
   759 | D:2      | Reached XP level 3. HP: 28/28 MP: 2/6
   828 | D:2      | Found a runed translucent door.
   833 | D:2      | Learned a level 3 spell: Stone Arrow
   833 | D:2      | Noticed Crazy Yiuf
   887 | D:2      | Succumbed to Crazy Yiuf's poison

Illustrated notes

Levels and vault maps discovered:
D:1:      moated_graveyard_arrival, layout_rooms, chequers_serial_rivers_large_b
D:2:      layout_loops_ring, uniq_sigmund, uniq_crazy_yiuf_cottage, uniq_jessica

Skill      XL: |  1  2 |
---------------+-------+-----
Dodging        | 2 |  2.2
Fighting       | 1 |  1.3
Stealth        | |  1.7
Spellcasting   | |  2.3
Conjurations   | |  0.2
Transmutations | |  1.0
Earth Magic    | |  3.6

Action                     || total
---------------------------++-------
  Melee: War axe           ||     9
   Cast: Sandblast         ||    19
    Use: Scroll            ||     4
         Potion            ||     1
 Armour: Skin              ||     9
  Dodge: Dodged            ||    16

Table legend: (Time is in decaauts)
 A = Elapsed time spent in this place.
 B = Non-inter-level travel time spent in this place.
 C = Inter-level travel time spent in this place.
 D = Time resting spent in this place.
 E = Time spent auto-exploring this place.
 F = Levels seen in this place.
 G = Mean time per level.
                   A        B        C        D        E       F      G
               +--------+--------+--------+--------+--------+-----+--------+
         Total |    927 |    890 |     37 |     83 |    698 |   2 |  463.5 |
       Dungeon |    927 |    890 |     37 |     83 |    698 |   2 |  463.5 |
               +--------+--------+--------+--------+--------+-----+--------+

Top non-repeatable levels by time:
     D:1: 787 daAuts
     D:2: 140 daAuts
